 Dungeon Crawl Stone Soup version 0.19.1 (webtiles) character file.

24 esteth the Skirmisher (level 3, -9/29 HPs)
             Began as a Formicid Abyssal Knight on Dec 21, 2016.
             Was a Follower of Lugonu.
             Killed from afar by Ijyb (18 damage)
             ... with a wand of lightning
             ... on level 2 of the Dungeon.
             The game lasted 00:02:21 (863 turns).

esteth the Skirmisher (Formicid Abyssal Knight)      Turns: 863, Time: 00:02:21

Health: -9/29      AC:  6    Str: 17    XL:     3   Next: 15%
Magic:  4/4        EV: 11    Int: 11    God:    Lugonu [*.....]
Gold:   58         SH:  0    Dex: 10    Spells: 0 memorised, 2 levels left

rFire  . . .     SeeInvis +     a - +1 hand axe
rCold  . . .     Gourm    .     i - +0 ring mail
rNeg   . . .     Faith    .     (no shield)
rPois  .         Spirit   .     (helmet unavailable)
rElec  .         Reflect  .     (no cloak)
rCorr  .         Harm     .     h - +0 pair of gloves
MR     .....                    (no boots)
Stlth  ..........               (no amulet)
                                (no ring)
                                (no ring)

@: flying
A: permanent stasis, dig shafts and tunnels, four strong arms, antennae 3
a: Dig, Shaft Self, Depart the Abyss, Renounce Religion


You were on level 2 of the Dungeon.
You worshipped Lugonu.
Lugonu was aware of your devotion.
You were not hungry.

You visited 1 branch of the dungeon, and saw 2 of its levels.
You visited the Abyss 1 time.

You collected 58 gold pieces.

Inventory:

Hand Weapons
 a - a +1 hand axe (weapon)
Armour
 b - a +0 leather armour
 h - a +0 pair of gloves (worn)
 i - a +0 ring mail (worn)
Scrolls
 d - a scroll of blinking {unknown}
 f - 2 scrolls of enchant weapon {unknown}
 g - 2 scrolls of amnesia {unknown}
 j - 2 scrolls of identify {unknown}
Potions
 k - a potion of lignification {unknown}
 l - a potion of heal wounds {unknown}
Comestibles
 c - 2 bread rations


   Skills:
 + Level 3.4 Fighting
 * Level 2.4 Axes
 + Level 2.5 Armour
 + Level 1.5 Dodging
 - Level 2.4 Invocations


You had 2 spell levels left.
You didn't know any spells.

Dungeon Overview and Level Annotations

Branches:
Dungeon (2/15)

Altars:

Annotations:
D:2 Ijyb


Innate Abilities, Weirdness & Mutations

You are under a permanent stasis effect.
You can dig through walls and to a lower floor.
Your four strong arms can wield two-handed weapons with a shield.
You have a pair of large antennae on your head. (SInv)


Message History

You sense a monster nearby.
You sense a monster nearby.
Found 24 stones.
As you open the door, it creaks loudly!
A ball python and Ijyb come into view.
Ijyb is wielding a dagger of freezing.
Ijyb shouts!
The ball python hisses angrily.
You hear a shout!
Found a scroll labeled YBEWI DIENE and 21 sling bullets.
Found a stone staircase leading down.
A goblin comes into view. It is wielding a club.
You hit Ijyb.
Ijyb is lightly wounded.
Ijyb zaps a wand.
The bolt of lightning hits you!
Ouch! That really hurt!
* * * LOW HITPOINT WARNING * * *
It is a wand of lightning.
It was a potion of flight.
You feel very buoyant.
You fly up into the air.
Ijyb zaps a wand.
The bolt of lightning hits you!
Ouch! That really hurt!
You die...

#########.#
..........+ .
######...# ..
#########.###
... #.........#
....
#.#########
..... #.#
.....g#.#######
.>...Sg@.....(.
......########.
{ .?... ....
... .. ({


You could see Ijyb, a goblin and a ball python.

Vanquished Creatures
  An adder (D:2)
  A dart slug (D:1)
  A giant cockroach (D:1)
  A goblin (D:1)
  3 hobgoblins (D:1)
  A frilled lizard (D:1)
  4 kobolds (D:1)
  3 rats (D:1)
15 creatures vanquished.

Notes
Turn   | Place    | Note
-------+----------+-------------------------------------------
     0 | Abyss:1  | esteth the Formicid Abyssal Knight began the quest for the Orb.
     0 | Abyss:1  | Reached XP level 1. HP: 18/18 MP: 2/2
    27 | Abyss:1  | Noticed a smoke demon
    49 | Abyss:1  | Noticed a rakshasa
    52 | D:1      | Escaped the Abyss
    66 | D:1      | Reached skill level 1 in Dodging
   250 | D:1      | Reached XP level 2. HP: 24/24 MP: 3/3
   254 | D:1      | Reached * piety under Lugonu
   703 | D:2      | Reached XP level 3. HP: 20/29 MP: 4/4
   861 | D:2      | Noticed Ijyb
   863 | D:2      | Killed from afar by Ijyb

Skill      XL: |  1 |
---------------+----+-----
Dodging        | 1 |  1.5
Fighting       | |  3.4
Axes           | |  2.4
Armour         | |  2.5
Invocations    | |  2.4

Action                   || total
-------------------------++-------
Melee: Hand axe          ||    56
Invok: Depart the Abyss  ||     1
 Abil: Dig               ||     1
  Use: Potion            ||     1
Armor: Ring mail         ||    17
Dodge: Dodged            ||    29
